 Dungeon Crawl Stone Soup version 0.17-a0-1923-gc35365e (webtiles) character file.

660 graki42 the Conjurer (level 7, -1/36 HPs)
             Began as a Deep Elf Conjurer on Sept 28, 2015.
             Was a Follower of Sif Muna.
             Shot with an arrow of frost by a centaur (3 damage)
             ... on level 5 of the Dungeon.
             The game lasted 00:19:51 (4467 turns).

graki42 the Conjurer (Deep Elf Conjurer)            Turns: 4467, Time: 00:19:51

Health: -1/36      AC:  5    Str:  7    XL:     7   Next: 30%
Magic:  15/18      EV: 14    Int: 20    God:    Sif Muna [*.....]
Gold:   240        SH:  0    Dex: 15    Spells: 4 memorised, 9 levels left

rFire  . . .     SeeInvis .     l - +1 hand axe (venom)
rCold  + . .     Clarity  .     a - +0 robe
rNeg   . . .     SustAt   .     (no shield)
rPois  +         Gourm    .     t - +0 helmet
rElec  .         Spirit   .     v - +1 cloak
rCorr  .         Warding  .     (no gloves)
rMut   +         Stasis   .     (no boots)
MR     .....                    i - amulet of resist mutation
Stlth  +++.......               q - ring of poison resistance
                                n - ring of protection from cold

@: not resistant to hostile enchantments, fairly stealthy
A: no striking features
a: Channel Energy, Renounce Religion


You were on level 5 of the Dungeon.
You worshipped Sif Muna.
Sif Muna was aware of your devotion.
You were not hungry.

You visited 1 branch of the dungeon, and saw 5 of its levels.

You collected 240 gold pieces.

Inventory:

Hand weapons
 l - a +1 hand axe of venom (weapon)
Armour
 a - a +0 robe (worn)
 t - a +0 helmet (worn)
 v - a +1 cloak (worn)
Jewellery
 i - an amulet of resist mutation (around neck)
 n - a ring of protection from cold (left hand)
 q - a ring of poison resistance (right hand)
Scrolls
 d - 2 scrolls of remove curse
 k - 6 scrolls of identify
 m - a scroll of fear {unknown}
 r - a scroll of amnesia {unknown}
Potions
 e - a potion of curing {unknown}
 f - 2 potions of lignification {unknown}
 g - a potion of magic {unknown}
 h - 2 potions of agility {unknown}
 j - a potion of flight
 s - a potion of degeneration {unknown}
 u - a potion of cancellation {unknown}
 x - a potion of resistance {unknown}
Books
 b - a book of Conjurations

   Spells                             Type                      Level
   a - Magic Dart                     Conjuration                  1
   b - Searing Ray                    Conjuration                  2
   c - Dazzling Spray                 Conjuration/Hexes            3
   d - Fulminant Prism                Conjuration/Hexes            4
   e - Iskenderun's Mystic Blast      Conjuration                  4
   f - Iskenderun's Battlesphere      Conjuration/Charms           5
Comestibles
 c - 4 bread rations
 o - a beef jerky
 p - a slice of pizza
 w - a meat ration


   Skills:
 + Level 0.2 Fighting
 + Level 4.1 Dodging
 + Level 4.0 Stealth
 + Level 6.6 Spellcasting
 + Level 7.2 Conjurations
 + Level 0.3 Hexes
 + Level 0.4 Invocations


You had 9 spell levels left.
You knew the following spells:

 Your Spells              Type           Power        Failure   Level  Hunger
a - Magic Dart            Conj           ####         1%          1    None
b - Searing Ray           Conj           #####.       1%          2    None
c - Dazzling Spray        Conj/Hex       ###.....     10%         3    #......
d - Iskenderun's Mystic   Conj           #####...     8%          4    ###....


Dungeon Overview and Level Annotations

Branches:
Dungeon (5/15)
 Temple: D:4-7

Altars:
Sif Muna
Trog
Xom
Jiyva


Message History

A centaur comes into view.
The centaur shouts!
The centaur wields a shortbow.
The centaur shoots an arrow of frost.
The arrow of frost hits you! The arrow of frost freezes you.
Found 11 sling bullets.
You see here an arrow of frost.
Casting: Searing Ray
Confirm with . or Enter, or press ? or * to list all spells.
Okay, then.
The centaur shoots an arrow of frost.
The arrow of frost hits you.
Casting: Searing Ray
Confirm with . or Enter, or press ? or * to list all spells.
Okay, then.
Casting: Searing Ray
Confirm with . or Enter, or press ? or * to list all spells.
Okay, then.
The centaur shoots an arrow of frost.
The arrow of frost hits you!
* * * LOW HITPOINT WARNING * * *
The arrow of frost freezes you.
You die...

##### ## # .... ..# #.
..# #.# #
#.########.#####.#.###
##.#.#.#.#.#.#.#.#.#.#
#...................(.
##.#.#.#.#.#.#(#.#.#.##
.....<...............c#
.#.#.#.#.#)#.#.#@#.#.##
...........?.....#
##################


You could see a centaur.

Vanquished Creatures
  An ogre (D:4)
  2 scorpions
  2 jellies
  Crazy Yiuf (D:4)
  4 worker ants (D:4)
  A gnoll shaman (D:4)
  An iguana (D:4)
  Robin (D:3)
  6 gnolls (D:4)
  A worker ant zombie (D:4)
  A shadow imp (D:5)
  4 adders
  3 oozes (D:4)
  An adder skeleton (D:4)
  4 worms
  3 giant geckos
  An orc (D:4)
  2 ball pythons
  6 bats
  17 goblins
  10 hobgoblins
  6 jackals
  A quokka (D:2)
  A ball python skeleton (D:4)
  3 giant newts
  9 kobolds
  8 rats
100 creatures vanquished.

Notes
Turn   | Place    | Note
--------------------------------------------------------------
     0 | D:1      | graki42 the Deep Elf Conjurer began the quest for the Orb.
     0 | D:1      | Reached XP level 1. HP: 10/10 MP: 6/6
   217 | D:1      | Reached XP level 2. HP: 15/15 MP: 5/8
   587 | D:1      | Reached skill level 5 in Conjurations
   882 | D:1      | Reached XP level 3. HP: 19/19 MP: 6/10
   974 | D:2      | Learned a level 2 spell: Searing Ray
   978 | D:2      | Learned a level 3 spell: Dazzling Spray
  1534 | D:2      | Found a shimmering altar of Xom.
  1635 | D:2      | Found a deep blue altar of Sif Muna.
  1638 | D:2      | Became a worshipper of Sif Muna the Loreminder
  1667 | D:2      | Reached XP level 4. HP: 24/24 MP: 7/12
  1682 | D:2      | Found a bloodstained altar of Trog.
  1928 | D:3      | Learned a level 4 spell: Iskenderun's Mystic Blast
  2092 | D:3      | Noticed Robin
  2219 | D:3      | Killed Robin
  2461 | D:4      | Found a viscous altar of Jiyva.
  2463 | D:4      | Reached XP level 5. HP: 28/28 MP: 4/14
  2465 | D:4      | Reached skill level 6 in Conjurations
  2678 | D:4      | Noticed an ogre
  2693 | D:4      | Killed an ogre
  2693 | D:4      | Reached skill level 5 in Spellcasting
  2824 | D:4      | Reached XP level 6. HP: 19/32 MP: 9/16
  3021 | D:4      | Acquired Sif Muna's first power
  3768 | D:4      | Reached XP level 7. HP: 36/36 MP: 10/18
  3992 | D:4      | Reached skill level 7 in Conjurations
  4112 | D:4      | Noticed Crazy Yiuf
  4119 | D:4      | Killed Crazy Yiuf
  4442 | D:5      | Entered Level 5 of the Dungeon
  4467 | D:5      | Shot with an arrow of frost by a centaur

Vault maps used:
D:1:      co_arrival_square_in_a_square_in_a_square
D:2:      old_standard_altar, lightli_temple_of_fire, lemuel_blue_sif_altar,
          minmay_cut_off
D:3:      first_bread, minmay_misc_feat_more_columns, uniq_robin
D:4:      jiyva_altar_1, uniq_crazy_yiuf_cottage
D:5:      nicolae_overflow_crystal_walls, demons_altar,
          minmay_temple_entry_glassed_door, st_stairs_13, uniq_prince_ribbit1,
          uniq_menkaure

Action                   |  1- 3 |  4- 6 |  7- 9 || total
-------------------------+-------+-------+-------++-------
Melee: Dagger            |     6 |    35 |       ||    41
 Cast: Magic Dart        |    73 |    81 |    22 ||   176
       Searing Ray       |     5 |     5 |     2 ||    12
       Iskenderun's Myst |       |    21 |     1 ||    22
       Dazzling Spray    |       |     4 |       ||     4
Invok: Channel Energy    |       |     2 |       ||     2
  Use: Scroll            |     3 |     3 |       ||     6
  Eat: Chunk             |     2 |     5 |     2 ||     9
       Meat ration       |       |     1 |       ||     1
